cohdb
Replays
Latest Replays
All Replays
Popular Replays
Top Player Replays
Match Explorer
How It Works
Community
CoH3 Stats
Reddit
Sign in to upload your games and track your stats! →
Sign in with Steam
Match 37893307
Unlisted
Match 37893307
Overview
Messages
Build Orders
End
Construct Barracks
Riflemen Squad
Riflemen Squad
Grenade Package
M1 Mortar Team
Infantry Support Center
Construct Weapon Support Center
Selects Armored Battlegroup
Selects Veteran Crews
Selects Fast Deploy
M3 Armored Personnel Carrier
Bazooka Squad
Engineer Squad
Advanced Logistics
Selects M31 Recovery Vehicle
Survival Training
M31 Recovery Vehicle
Selects War Machine
Bazooka Squad
Construct Tank Depot
Turtleboy
GreyFox_13
joni_999
akim
0
0
Comments
sign in to comment!
No comments posted yet!